 Dungeon Crawl Stone Soup version 0.28-a0-69-g49dcd67cf8 (webtiles) character file.

Game seed: 5259006089035852280

93 emm the Chopper (level 4, -1/34 HPs)
             Began as a Demonspawn Gladiator on July 31, 2021.
             Blown up by Ijyb (11 damage)
             ... with a mindburst bolt
             ... on level 3 of the Dungeon.
             The game lasted 00:04:02 (2535 turns).

emm the Chopper (Demonspawn Gladiator)              Turns: 2535, Time: 00:04:02

Health: -1/34      AC:  5    Str: 14    XL:     4   Next: 36%
Magic:  4/4        EV: 12    Int:  9    God:
Gold:   107        SH:  0    Dex: 16    Spells: 3/3 levels left

rFire   . . .      SeeInvis .   n - +2 hand axe (vamp)
rCold   . . .      Faith    .   (no shield)
rNeg    . . .      Spirit   .   b - +0 leather armour
rPois   .          Reflect  .   c - +0 helmet
rElec   .          Harm     .   (no cloak)
rCorr   .          Rampage  .   (no gloves)
Will    .....                   e - +0 pair of boots
Stlth   +.........              (no amulet)
HPRegen 0.11/turn               (no ring)
MPRegen 0.09/turn               (no ring)

@: no status effects
A: powered by death 1
a: no special abilities


You were on level 3 of the Dungeon.
You visited 1 branch of the dungeon, and saw 3 of its levels.

You collected 107 gold pieces.

Inventory:

Hand Weapons
 a - a +0 war axe
 n - a +2 vampiric hand axe (weapon)
Missiles
 d - 3 throwing nets (quivered)
Armour
 b - a +0 leather armour (worn)
 c - a +0 helmet (worn)
 e - a +0 pair of boots (worn)
Scrolls
 f - 2 scrolls of enchant armour {unknown}
 h - 2 scrolls of identify {unknown}
 m - a scroll of blinking {unknown}
Potions
 g - a potion of mutation {unknown}
 i - a potion of might {unknown}
 j - 6 potions of degeneration {unknown}
 k - a potion of heal wounds {unknown}
 l - a potion of flight {unknown}


   Skills:
 + Level 2.4 Fighting
 + Level 3.5 Axes
 + Level 1.9 Throwing
 + Level 1.5 Armour
 + Level 3.2 Dodging
 + Level 0.1 Stealth


You had 3 spell levels left.
You didn't know any spells.
Your spell library contained the following spells:

 Spells                   Type           Power      Damage    Failure   Level
 Magic Dart               Conj           0%         1d3       45%         1
 Call Imp                 Summ           0%         N/A       58%         2
 Mephitic Cloud           Conj/Pois/Air  0%         N/A       83%         3


Dungeon Overview and Level Annotations

Branches:
Dungeon (3/15)

Altars:
Zin

Shops:
D:3 *

Annotations:
D:3 Ijyb


Innate Abilities, Weirdness & Mutations

You regenerate a little health from kills.


Message History

Ijyb shouts!
Ijyb moves out of view.
Found a scimitar.
You see here a scroll labelled CUJEWE EBACUDGH.
A dart slug is nearby!
The dart slug launches a dart at you. The slug dart hits you.
The dart slug launches a dart at you. The slug dart misses you.
You slash the dart slug!
The dart slug is almost dead.
The dart slug closely misses you.
You completely miss the dart slug.
The dart slug is almost dead.
The dart slug bites you but does no damage.
You hit the dart slug.
You feel better.
You kill the dart slug!
Ijyb zaps a wand.
Your mind is blasted!
You hit Ijyb but do no damage. Ijyb closely misses you.
You hit Ijyb.
You feel better.
Ijyb is lightly wounded.
Ijyb hits you with a +6 club.
You hit Ijyb but do no damage.
Ijyb is lightly wounded.
Ijyb hits you but does no damage.
You hit Ijyb but do no damage.
Ijyb is lightly wounded.
Ijyb barely misses you.
You closely miss Ijyb.
Ijyb is lightly wounded.
Ijyb hits you with a +6 club.
* * * LOW HITPOINT WARNING * * *
You hit Ijyb.
You feel better.
Ijyb is lightly wounded.
Ijyb screams, "No!
No, no, no, no!"
Ijyb closely misses you.
You hit Ijyb but do no damage.
Ijyb is lightly wounded.
Ijyb zaps a wand.
Your mind is blasted!
You die...

#...(................####
#....>....†.######(......
#.......##..# .#.####
#.........# # #
#....####.# ####.####.#
## #.?.##.# .. ###.##.#
#.## #@# .# ... #g# .#
#.# #.# ##.# .). ... #.#
#.# #.# #.# #.# ### #..
#.. ..## ### #. ###..# #


You could see Ijyb.

Vanquished Creatures
  4 adders
  2 worms (D:3)
  A dart slug (D:3)
  2 orcs (D:3)
  2 endoplasms (D:1)
  A giant cockroach (D:3)
  4 goblins
  2 hobgoblins
  6 jackals
  A quokka (D:2)
  4 ball pythons
  3 bats
  6 frilled lizards
  4 kobolds
  6 rats
48 creatures vanquished.

Notes
Turn   | Place    | Note
-------+----------+-------------------------------------------
     0 | D:1      | emm the Demonspawn Gladiator began the quest for the Orb.
     0 | D:1      | Reached XP level 1. HP: 16/16 MP: 1/1
   810 | D:1      | Gained mutation: You regenerate a little health from kills.
                  | [demonic ancestry]
   810 | D:1      | Reached XP level 2. HP: 16/22 MP: 2/2
  1001 | D:1      | Found a faded altar of an unknown god.
  1267 | D:2      | Reached XP level 3. HP: 26/27 MP: 3/3
  1316 | D:2      | Reached skill level 1 in Armour
  2157 | D:3      | Found Zin's Purification Station.
  2219 | D:3      | Reached XP level 4. HP: 34/34 MP: 4/4
  2522 | D:3      | Noticed Ijyb
  2535 | D:3      | Blown up by Ijyb

Illustrated notes

Levels and vault maps discovered:
D:1:      lightli_arrival_flooded_house, layout_basic,
          ebering_ecumenical_altar_box
D:2:      layout_loops_cross, minmay_misc_feat_alley
D:3:      layout_loops_ring, zin_purify, serial_bayou_crossing, uniq_robin,
          uniq_ijyb

Skill      XL: |  1  2  3 |
---------------+----------+-----
Axes           | 3 |  3.5
Dodging        | 3 |  3.2
Armour         | 1 |  1.5
Fighting       | |  2.4
Throwing       | |  1.9
Stealth        | |  0.1

Action                   |  1- 3 |  4- 6 || total
-------------------------+-------+-------++-------
Melee: War axe           |   110 |     8 ||   118
       Hand axe          |       |    20 ||    20
Armor: Leather armour    |    61 |     7 ||    68
Dodge: Dodged            |   102 |    14 ||   116

Table legend: (Time is in decaauts)
 A = Elapsed time spent in this place.
 B = Non-inter-level travel time spent in this place.
 C = Inter-level travel time spent in this place.
 D = Time resting spent in this place.
 E = Time spent auto-exploring this place.
 F = Levels seen in this place.
 G = Mean time per level.
                   A        B        C        D        E       F      G
               +--------+--------+--------+--------+--------+-----+--------+
         Total |   2580 |   2563 |     17 |    259 |   1816 |   3 |  860.0 |
       Dungeon |   2580 |   2563 |     17 |    259 |   1816 |   3 |  860.0 |
               +--------+--------+--------+--------+--------+-----+--------+

Top non-repeatable levels by time:
     D:1: 1200 daAuts
     D:2: 784 daAuts
     D:3: 595 daAuts
